Map: Dusk Towers

Players

lesha

  • Race: Terran Terran
  • League: Silver

toto - Winner!

  • Race: Terran Terran
  • League: Silver

VOD

Have the link to the VOD?

Description

Time

  • Played on: Dec. 22, 2015, 9:34 a.m.
  • Length: 21:28
Show
View Real Time Build Order
Export as new Build Order

lesha Terran 

Build Orders: Reaper Expand, MMM Bio 

Get SALT Encoding   

  12  0:07  SCV  
  13  0:21  SCV  
  14  0:23  Supply Depot  
  14  0:33  SCV  
  15  0:40  Refinery  
  15  0:45  SCV  
  15  0:47  Barracks  
  16  1:01  SCV  
  17  1:13  SCV  
  18  1:30  Command Center  
  19  1:32  SCV  
  19  1:37  Reaper  
  20  1:49  Orbital Command  
  20  1:57  Refinery  
  20  2:08  Supply Depot  
  20  2:10  Marine  
  21  2:16  SCV  
  22  2:28  SCV  
  23  2:33  Marine  
  23  2:36  Factory  
  24  2:57  Marine  
  24  3:04  Barracks  
  25  3:07  Orbital Command  
  25  3:10  SCV  
  25  3:18  Barracks Tech Lab  
  25  3:21  Factory Reactor  
  25  3:22  SCV  
  26  3:30  Barracks  
  26  3:36  SCV  
  26  3:37  SCV  
  28  3:49  SCV  
  28  3:51  Starport  
  28  3:53  SCV  
  30  3:55  Barracks Reactor  
  30  4:01  SCV  
  31  4:02  Marine  
  32  4:12  SCV  
  32  4:13  SCV  
  34  4:18  Factory Reactor  
  34  4:22  Marine  
  36  4:24  SCV  
  36  4:25  SCV  
  35  4:36  SCV  
  33  4:39  Marine  
  33  4:40  Marine x4  
  31  4:57  Marine x2  
  31  4:58  Marine  
  28  5:15  Marine x3  
  28  5:21  Stimpack  
  31  5:29  SCV x2  
  33  5:36  Marine x2  
  33  5:41  SCV x2  
  37  5:52  Marine  
  37  5:56  Marine x3  
  37  5:57  Marine, Starport Reactor  
  42  6:06  SCV  
  42  6:07  SCV  
  42  6:10  Marine  
  45  6:14  Marine  
  45  6:16  Supply Depot  
  46  6:20  Supply Depot  
  46  6:37  Medivac x2, Widow Mine x2  
  54  6:41  SCV x2, Marine x5  
  54  6:42  Engineering Bay  
  54  6:43  Engineering Bay  
  61  6:47  Supply Depot  
  61  6:50  Supply Depot  
  61  6:53  SCV  
  62  7:08  Marine x5  
  62  7:09  SCV x2  
  69  7:21  SCV x2, Medivac x2  
  75  7:26  Marine x3  
  78  7:30  Refinery  
  78  7:32  Refinery  
  78  7:41  Barracks  
  78  7:46  Supply Depot  
  78  7:47  Barracks  
  78  7:48  Supply Depot x2  
  78  8:01  Marine  
  78  8:02  Marine  
  78  8:04  SCV, Marine  
  78  8:06  SCV  
  74  8:16  SCV  
  74  8:18  SCV  
  56  8:28  SCV  
  55  8:35  Marine x3  
  55  8:36  Marine x2  
  55  8:39  Barracks Reactor x2  
  60  8:53  SCV x2, Marine x3  
  65  9:05  SCV x2, Marine x2  
  65  9:08  Command Center  
  69  9:11  Marine x3  
  72  9:20  Marine x4  
  72  9:23  Marine x2  
  78  9:29  Marine x2  
  80  9:40  Command Center  
  80  9:45  Marine x5  
  82  9:46  Marine x2  
  64  10:11  Marine x4  
  64  10:12  Medivac x2, Marine  
  63  10:14  Marine x3  
  63  10:15  Marine  
  67  10:24  Combat Shields  
  67  10:30  SCV  
  67  10:31  SCV  
  67  10:34  Orbital Command  
  69  10:41  Marine x2  
  69  10:42  Medivac x2, Marine x3  
  76  10:44  Marine  
  79  10:55  Armory  
  79  10:59  Terran Infantry Armor Level 1  
  79  11:02  Marine x2  
  79  11:03  Marine  
  82  11:12  Orbital Command  
  82  11:19  Marine x4  
  82  11:23  Orbital Command, Marine x2  
  82  11:25  SCV x2  
  90  11:34  Marine x3  
  90  11:36  Medivac  
  90  11:37  Marine x2  
  90  11:39  Terran Infantry Weapons Level 1  
  97  11:40  Marine  
  97  11:41  Marine x2  
  100  11:59  Marine x3  
  100  12:00  Marine x6  
  109  12:02  Medivac  
  111  12:15  SCV x4  
  114  12:17  Marine  
  114  12:18  Marine x4  
  114  12:19  Marine x4  
  124  12:27  SCV  
  125  12:35  Marine  
  125  12:36  Marine x5  
  125  12:37  Marine  
  132  12:50  SCV x4, Marine  
  100  13:02  Marine x6  
  100  13:03  Marine x2  
  105  13:08  Marine  
  105  13:10  SCV x4  
  110  13:19  Marine  
  110  13:20  Marine x3  
  110  13:27  Barracks  
  114  13:28  SCV x4  
  114  13:30  Barracks  
  118  13:38  Refinery  
  118  13:39  Terran Infantry Weapons Level 2  
  118  13:40  Refinery  
  118  13:45  Terran Infantry Armor Level 2  
  118  13:47  Concussive Shells  
  118  13:49  Marine x3  
  118  13:50  Marine x6  
  127  14:01  SCV x2  
  127  14:02  SCV x2  
  131  14:07  Marine  
  132  14:19  Supply Depot  
  132  14:20  Supply Depot x3  
  132  14:21  Supply Depot  
  132  14:41  SCV x4, Medivac x2, Marine x9  
  132  14:43  Barracks Reactor  
  149  14:51  Widow Mine  
  151  14:53  Barracks Reactor, SCV x4  
  151  14:58  Marine x3  
  151  14:59  Marine x6  
  164  15:01  Starport  
  164  15:03  Starport  
  164  15:11  Medivac x2  
  168  15:16  Marine x4  
  172  15:39  Command Center  
  172  15:42  Marine  
  172  15:55  Marine x4  
  172  15:56  Marine x6  
  172  15:57  Marine x2  
  172  16:00  Marine  
  108  16:10  Medivac x2  
  92  16:13  Marine x7  
  92  16:14  Marine x3  
  92  16:15  Marine x2  
  92  16:18  Marine  
  100  16:23  Refinery  
  100  16:24  Refinery  
  101  16:31  Marine x10  
  111  16:33  Terran Infantry Weapons Level 3, Terran Infantry Armor Level 3, Marine x2  
  111  16:36  Marine  
  114  16:40  Medivac x2  
  114  16:41  Starport Reactor x2  
  118  16:49  Marine x9  
  127  17:10  Medivac x2  
  127  17:15  Marine x3  
  131  17:16  Marine x7  
  131  17:17  Marine x3  
  131  17:19  Medivac x2  
  131  17:20  Medivac x2  
  152  17:33  Marine x4  
  152  17:34  Marine x3  
  159  17:37  Marine x2  
  159  17:38  Marine x4  
  159  17:40  Command Center, Medivac x2  
  169  17:49  Medivac  
  169  17:51  Marine  
  172  18:43  Medivac x6, Marine x8  
  172  18:44  Marine x5  
  147  19:00  Marine x4  
  147  19:01  Marine x9  
  122  19:13  Medivac  
  124  19:18  Marine x4  
  124  19:19  Marine x9  
  124  19:23  SCV  
  138  19:30  Medivac x3  
  138  19:31  Medivac x2  
  148  19:35  SCV  
  148  19:36  Marine x4  
  148  19:37  Marine  
  154  19:40  Marine x5  
  154  19:41  Marine x3  
  154  19:43  Medivac  
  164  19:47  SCV  
  164  19:52  Command Center  
  165  19:54  Marine x3  
  165  19:59  SCV  
  152  20:11  SCV  
  152  20:13  Marine x4  
  152  20:14  Marine x7  
  153  20:15  Marine x2  
  139  20:31  Marine x2  
  139  20:32  Marine  
  139  20:33  Marine x5  
  139  20:34  Marine x5  
  152  20:49  Marine x3  
  153  20:50  SCV x3  
  153  20:51  Marine x6  
  153  20:52  Marine x4  
  167  21:02  SCV x2  
  169  21:06  Marine x2  
  169  21:07  Marine  
  169  21:09  Marine  
Show
View Real Time Build Order
Export as new Build Order

toto Terran - Winner!

Build Orders: MMM Bio 

Get SALT Encoding   

  12  0:02  SCV  
  14  0:14  SCV  
  14  0:27  Supply Depot  
  14  0:34  SCV  
  15  0:46  Refinery  
  15  0:48  SCV  
  15  0:49  Refinery  
  16  0:53  Barracks  
  16  1:01  Supply Depot  
  16  1:07  SCV  
  17  1:19  SCV  
  18  1:31  SCV  
  19  1:44  SCV  
  20  1:49  Barracks  
  20  1:56  SCV  
  21  2:08  SCV  
  22  2:12  Reaper, Engineering Bay  
  23  2:20  SCV  
  24  2:32  SCV  
  25  2:38  Reaper  
  26  2:44  SCV, Reaper  
  28  2:56  SCV  
  29  3:08  SCV  
  29  3:10  Reaper  
  31  3:15  Barracks  
  31  3:20  Factory  
  31  3:21  Supply Depot  
  31  3:35  Orbital Command  
  31  3:43  Reaper x2  
  31  3:44  Supply Depot  
  33  3:59  Terran Infantry Weapons Level 1  
  33  4:07  Supply Depot  
  33  4:15  Reaper x2  
  35  4:30  Supply Depot  
  33  4:47  Reaper  
  34  4:53  Supply Depot  
  31  5:15  Barracks Tech Lab  
  31  5:16  Barracks Reactor  
  30  5:34  Factory Tech Lab  
  30  5:41  Command Center, Combat Shields  
  30  5:44  Marine x2  
  32  5:54  Starport  
  32  6:02  Marine x2  
  32  6:03  Missile Turret  
  34  6:19  Marine  
  34  6:20  Missile Turret, Marine  
  34  6:23  Missile Turret  
  36  6:37  Marine  
  36  6:38  Marine  
  38  6:40  Missile Turret  
  38  6:46  Missile Turret  
  38  6:47  Starport Reactor  
  38  6:55  Marine  
  38  6:56  Marine  
  38  6:59  Terran Infantry Armor Level 1  
  38  7:00  Missile Turret  
  38  7:01  Stimpack, Siege Tank  
  43  7:06  Missile Turret  
  43  7:10  SCV  
  44  7:22  SCV  
  44  7:23  Missile Turret  
  44  7:28  Missile Turret  
  45  7:32  Refinery  
  45  7:33  SCV  
  45  7:34  Refinery  
  45  7:35  SCV  
  47  7:43  Missile Turret  
  47  7:45  SCV  
  47  7:47  SCV  
  47  7:49  Missile Turret  
  49  7:57  SCV  
  50  7:59  SCV  
  49  8:09  SCV  
  38  8:21  SCV  
  33  8:43  Missile Turret  
  33  8:44  Missile Turret x2  
  33  8:45  Missile Turret  
  33  8:46  Missile Turret  
  33  8:48  Missile Turret  
  33  8:49  SCV  
  34  9:00  Medivac x2  
  34  9:01  SCV  
  39  9:03  Marine  
  39  9:07  Missile Turret  
  40  9:13  SCV  
  41  9:25  SCV  
  41  9:30  Refinery, Medivac x2  
  46  9:37  SCV  
  47  9:49  SCV, Siege Tank  
  51  9:53  Marine x3  
  51  9:56  Marine  
  55  10:00  Medivac  
  55  10:02  SCV  
  58  10:09  Hi-Sec Auto Tracking  
  58  10:11  Marine x3  
  58  10:14  SCV  
  62  10:18  Sensor Tower  
  62  10:21  Siege Tank  
  65  10:29  Sensor Tower  
  65  10:44  Orbital Command  
  65  10:53  Siege Tank, Sensor Tower  
  65  10:54  Armory  
  68  11:15  Marine x4  
  72  11:24  Sensor Tower  
  72  11:25  Siege Tank  
  75  11:33  Marine x4  
  79  11:51  Marine x2  
  74  13:07  Missile Turret  
  74  13:12  Marine  
  74  13:13  Marine x3  
  74  13:18  Medivac x2  
  82  13:28  Missile Turret  
  82  13:30  Marine  
  82  13:31  Marine x3  
  86  13:47  Terran Infantry Weapons Level 2  
  86  13:49  Missile Turret  
  86  13:58  Marine x4  
  86  13:59  Medivac x2  
  94  14:16  Marine x4, Terran Vehicle Weapons Level 1  
  98  14:29  Medivac x2  
  102  14:34  Marine x4  
  106  14:49  Orbital Command  
  106  14:52  Marine x2  
  108  14:59  Medivac  
  110  15:00  Marine  
  110  15:01  Marine  
  112  15:10  Marine  
  114  15:17  Barracks Reactor  
  114  15:18  Marine x2  
  115  15:28  Marine  
  116  15:36  Marine x2  
  116  15:37  Refinery  
  116  15:39  Refinery  
  118  15:45  Marine  
  119  15:53  Marine  
  119  15:54  Marine  
  121  16:02  Terran Infantry Armor Level 2  
  121  16:03  Marine  
  87  16:11  Marine  
  87  16:12  Marine  
  89  16:21  Marine  
  90  16:28  Siege Tank  
  93  16:33  Marine x4  
  93  16:39  Marine  
  98  16:51  Marine x4  
  102  16:55  Sensor Tower  
  102  16:57  Marine  
  102  17:00  Siege Tank  
  106  17:08  Marine  
  106  17:09  Marine x3  
  106  17:14  Marine  
  111  17:26  Marine  
  111  17:27  Marine x3  
  111  17:28  Barracks  
  115  17:32  Marine  
  115  17:33  Siege Tank  
  119  17:44  Marine x2  
  119  17:45  Marine x2  
  119  17:50  Marine  
  124  18:02  Marine x4  
  124  18:05  Siege Tank  
  131  18:08  Marine  
  132  18:17  Barracks  
  132  18:18  Terran Infantry Weapons Level 3  
  132  18:20  Marine x4  
  132  18:26  Marine  
  136  18:37  Siege Tank, Marine  
  136  18:38  Marine x2  
  142  19:00  Marine  
  142  19:01  Marine x3  
  142  19:02  Marine  
  140  19:09  Siege Tank  
  140  19:18  Barracks Reactor x2, Marine  
  140  19:19  Marine  
  142  19:35  Supply Depot  
  142  19:56  Siege Tank, Marine x5  
  142  19:58  Supply Depot  
  149  20:14  Marine  
  149  20:19  Marine x4  
  154  20:22  Supply Depot  
  153  20:28  Siege Tank  
  153  20:32  Marine  
  157  20:37  Marine  
  158  20:43  Marine x3  
  158  20:46  Supply Depot  
  158  20:49  Marine  
  161  20:55  Marine  
  166  21:07  Marine x2  
  166  21:09  Supply Depot  
Tags
 
Add a new tag
Caveats
  • Supply blocks, unpowered buildings, or Contaminate may cause inaccurate times.
  • Supply counts are checked every 10 seconds.